 Dungeon Crawl Stone Soup version 0.23.1-37-gaa34b87b72 (webtiles) character file.

Game seed: 6230212082751874533

18453 GGGomer the Cleaver (level 12, -5/115 HPs)
             Began as a Minotaur Berserker on Mar 21, 2019.
             Was a High Priest of Trog.
             Slain by a harpy (12 damage)
             ... summoned by Kirke
             ... on level 12 of the Dungeon.
             The game lasted 00:44:10 (10332 turns).

GGGomer the Cleaver (Minotaur Berserker)           Turns: 10332, Time: 00:44:13

Health: -5/115     AC:  0    Str: 25    XL:     12   Next: 27%
Magic:  11/11      EV: 19    Int:  4    God:    Trog [*****.]
Gold:   788        SH:  0    Dex: 12    Spells: 11/11 levels left

rFire    . . .     SeeInvis .   (weapon currently unavailable)
rCold    . . .     Gourm    .   (shield currently unavailable)
rNeg     . . .     Faith    .   (armour currently unavailable)
rPois    .         Spirit   .   (helmet currently unavailable)
rElec    .         Reflect  .   (cloak currently unavailable)
rCorr    .         Harm     .   (gloves currently unavailable)
MR       .....                  (boots currently unavailable)
Stlth    +.........             o - amulet of regeneration
HPRegen  0.69/turn              (ring currently unavailable)
MPRegen  0.12/turn              (ring currently unavailable)

@: pig-form, berserk cooldown, slowed
A: small, (retaliatory headbutt)
a: Berserk, Trog's Hand, Brothers in Arms, Renounce Religion


You were on level 12 of the Dungeon.
You worshipped Trog.
Trog was extremely pleased with you.
You were not hungry.
You were a filthy swine.
You visited 1 branch of the dungeon, and saw 12 of its levels.

You collected 788 gold pieces.

Inventory:

Hand Weapons
 k - a +3 battleaxe of electrocution (melded)
 B - a +2 halberd of flaming
Missiles
 s - a throwing net (quivered)
Armour
 p - a +1 chain mail (melded)
 H - a +2 cloak of magic resistance (melded)
Jewellery
 i - a ring of stealth (melded)
 l - an uncursed ring of ice
 o - an amulet of regeneration (around neck)
 t - an uncursed ring of protection from cold
 C - a +3 ring of dexterity (melded)
 L - an uncursed ring of protection from fire
 O - an uncursed ring of protection from fire
Wands
 m - a wand of digging (6)
 u - a wand of flame (6)
 v - a wand of polymorph (5)
 y - a wand of iceblast (12)
 z - a wand of random effects (65)
 J - a wand of paralysis (30)
 K - a wand of acid (10)
 M - a wand of enslavement (6)
Scrolls
 b - a scroll of amnesia
 e - a scroll of identify
 f - 7 scrolls of teleportation
 h - a scroll of fog
 n - 6 scrolls of remove curse
 I - a scroll of enchant armour
Potions
 a - 2 potions of ambrosia
 c - 2 potions of haste
 d - 2 potions of invisibility
 g - 4 potions of mutation
 q - 3 potions of brilliance
 x - a potion of berserk rage
 A - 5 potions of curing
 D - a potion of resistance
 E - a potion of cancellation
 F - 2 potions of flight {unknown}
 G - a potion of lignification {unknown}
 N - 3 potions of agility {unknown}
 P - a potion of heal wounds {unknown}
Miscellaneous
 r - a phial of floods
Comestibles
 j - 12 rations


   Skills:
 * Level 13.1 Fighting
 * Level 13.2 Axes
 * Level 12.8 Armour
 + Level 8.9 Dodging


You had 11 spell levels left.
You didn't know any spells.
Your spell library contained the following spells:

 Spells                   Type           Power        Failure   Level  Hunger
 Flame Tongue             Conj/Fire      #....        50%         1    ##.....
 Magic Dart               Conj           #...         50%         1    ##.....
 Throw Flame              Conj/Fire      #.....       65%         2    ###....
 Conjure Flame            Conj/Fire      #.......     86%         3    ####...
 Inner Flame              Hex/Fire       #.......     86%         3    ####...
 Sticky Flame             Conj/Fire      #.......     99%         4    #####..
 Fireball                 Conj/Fire      #.........   100%        5    ######.


Dungeon Overview and Level Annotations

Branches:
Dungeon (12/15)            Temple (0/1) D:6            Lair (0/6) D:10
    Orc (0/2) D:11

Altars:
Cheibriados
Dithmenos
Elyvilon
Gozag
Kikubaaqudgha
Qazlal
Sif Muna
Uskayaw
Vehumet
Wu Jian
Xom
Zin
The Shining One

Shops:
D:7 (

Annotations:
D:10 3 runed translucent doors, wpisznazwe's ghost, novice TrMo
D:12 Kirke


Innate Abilities, Weirdness & Mutations

((You reflexively headbutt those who attack you in melee.))
((You have a pair of horns on your head.))


Message History

The phantom blinks!
Something hits you.
You barely miss the harpy.
The harpy is heavily wounded.
The harpy completely misses you. The harpy claws you!
The harpy completely misses you. The harpy claws you! The phantom hits you!
The phantom blinks!
The harpy closely misses you.
The harpy claws you. x2; The harpy misses you.
The harpy claws you! The harpy claws you.
* * * LOW HITPOINT WARNING * * *
The harpy closely misses you. The harpy barely misses you.
The harpy screeches!
The harpy closely misses you. The harpy barely misses you.
The harpy misses you. The harpy completely misses you.
The harpy screeches!
The harpy claws you!
* * * LOW HITPOINT WARNING * * *
The harpy claws you!
* * * LOW HITPOINT WARNING * * *
The harpy claws you!
You die...

##.......##........#
#..................#
##.......#####'##### .
#.......#.........# ...
#.......+.........#
.....####'####.........#
...............H<......#
.............†)†.......#
............Hh##########
..............#.......
..............#.......
..............'†......
..............#†......
.....##########.W.....
....../ ....... .......


You could see 2 harpies.

Vanquished Creatures
  Gastronok (D:9)
  3 two-headed ogres
  Erica (D:11)
  An unseen horror (D:10)
  An ugly thing (D:12)
  Pikel (D:9)
  Maurice (D:11)
  2 gargoyles
  Prince Ribbit (D:9)
  6 slime creatures (D:11)
  A spriggan (D:7)
  6 hogs (D:12)
  Grum (D:11)
  19 yaks
  2 hungry ghosts
  Edmund (D:6)
  3 porcupines (D:10)
  3 phantoms
  A sky beast (D:12)
  3 black bears (D:10)
  3 orc warriors
  A necrophage (D:6)
  4 ice beasts
  6 ogres
  4 wolves
  3 centaurs (D:8)
  4 crocodiles (D:10)
  2 big kobolds
  7 bullfrogs
  2 gnoll sergeants
  A troll zombie (D:11)
  4 scorpions
  6 killer bees
  4 wights (D:11)
  3 howler monkeys
  3 crimson imps
  5 centaur zombies
  3 hounds
  5 jellies
  A centaur skeleton (D:10)
  7 orc priests
  A bullfrog skeleton (D:4)
  5 orc wizards
  Ijyb (D:5)
  2 iguanas
  8 worker ants
  7 ogre zombies (D:11)
  Robin (D:2)
  2 worker ant zombies
  12 gnolls
  8 adders
  3 shadow imps
  An ooze (D:7)
  An adder skeleton (D:10)
  3 worms
  A dart slug (D:3)
  4 leopard geckos
  30 orcs
  7 giant cockroaches
  20 goblins
  3 hobgoblins
  15 jackals
  17 kobolds
  8 quokkas
  5 bats
  8 frilled lizards
  3 goblin skeletons (D:11)
  3 goblin zombies (D:11)
  3 hobgoblin zombies (D:11)
  A leopard gecko skeleton (D:4)
  2 orc skeletons (D:11)
  14 orc zombies (D:11)
  2 quokka zombies (D:5)
  6 rats
343 creatures vanquished.

Vanquished Creatures (collateral kills)
  A manticore (D:11)
1 creature vanquished.

Vanquished Creatures (others)
  2 orcs (D:11)
  3 fungi (D:10)
  2 plants (D:10)
7 creatures vanquished.

Grand Total: 351 creatures vanquished

Notes
Turn   | Place    | Note
-------+----------+-------------------------------------------
     0 | D:1      | GGGomer the Minotaur Berserker began the quest for the Orb.
     0 | D:1      | Reached XP level 1. HP: 19/19 MP: 0/0
   136 | D:1      | Reached XP level 2. HP: 24/27 MP: 1/1
   609 | D:2      | Reached XP level 3. HP: 33/33 MP: 2/2
   665 | D:2      | Found a deep blue altar of Sif Muna.
   666 | D:2      | Found an ancient bone altar of Kikubaaqudgha.
   666 | D:2      | Found a radiant altar of Vehumet.
   674 | D:2      | Identified Vehumet's Volume of Confrontation
   697 | D:2      | Noticed Robin
   722 | D:2      | Reached ** piety under Trog
   920 | D:2      | Killed Robin
  1172 | D:2      | Found a faded altar of an unknown god.
  1591 | D:3      | Reached XP level 4. HP: 31/41 MP: 3/3
  2964 | D:4      | Reached skill level 5 in Axes
  2964 | D:4      | Reached XP level 5. HP: 45/47 MP: 4/4
  3011 | D:4      | Reached skill level 5 in Fighting
  3068 | D:4      | Found a glowing silver altar of Zin.
  3068 | D:4      | Found a glowing golden altar of the Shining One.
  3069 | D:4      | Found an ornate altar of the Wu Jian Council.
  3220 | D:4      | Reached XP level 6. HP: 56/56 MP: 5/5
  3450 | D:4      | Found a snail-covered altar of Cheibriados.
  3586 | D:4      | Reached *** piety under Trog
  3654 | D:4      | Found a shadowy altar of Dithmenos.
  3817 | D:5      | Entered Level 5 of the Dungeon
  3858 | D:5      | Noticed Ijyb
  3890 | D:5      | Killed Ijyb
  3947 | D:5      | Reached skill level 5 in Armour
  3947 | D:5      | Reached XP level 7. HP: 52/63 MP: 6/6
  4557 | D:6      | Reached XP level 8. HP: 63/73 MP: 7/7
  4636 | D:6      | Found a hide-covered altar of Uskayaw.
  4696 | D:6      | Found a white marble altar of Elyvilon.
  4700 | D:6      | Found a shimmering altar of Xom.
  4815 | D:6      | Noticed Edmund
  4825 | D:6      | Killed Edmund
  4935 | D:6      | Found a staircase to the Ecumenical Temple.
  4970 | D:6      | Reached **** piety under Trog
  5120 | D:7      | Found a stormy altar of Qazlal.
  5160 | D:7      | Found Odanamar's Antique Weapon Emporium.
  5457 | D:7      | Reached skill level 5 in Dodging
  5556 | D:7      | Found an opulent altar of Gozag.
  5862 | D:8      | Noticed a two-headed ogre
  5914 | D:7      | Killed a two-headed ogre
  5914 | D:7      | Reached XP level 9. HP: 27/83 MP: 8/8
  6457 | D:8      | Reached ***** piety under Trog
  6670 | D:8      | Reached skill level 10 in Fighting
  6738 | D:9      | Noticed Gastronok
  6755 | D:9      | Reached skill level 10 in Axes
  6755 | D:9      | Reached XP level 10. HP: 93/93 MP: 9/9
  6781 | D:9      | Killed Gastronok
  6781 | D:9      | Reached skill level 10 in Armour
  7054 | D:9      | Noticed Prince Ribbit
  7055 | D:9      | Noticed a two-headed ogre
  7063 | D:9      | Killed a two-headed ogre
  7074 | D:9      | Killed Prince Ribbit
  7287 | D:9      | Noticed Pikel
  7310 | D:9      | Killed Pikel
  7310 | D:9      | Reached XP level 11. HP: 102/102 MP: 10/10
  7566 | D:10     | Entered Level 10 of the Dungeon
  7743 | D:10     | Noticed a two-headed ogre
  7747 | D:10     | Received a gift from Trog
  7775 | D:10     | Killed a two-headed ogre
  7783 | D:10     | Found a staircase to the Lair.
  8038 | D:10     | Found a white marble altar of Elyvilon.
  8380 | D:10     | Killed an unseen horror
  8552 | D:10     | Found a runed translucent gate.
  8552 | D:10     | Found a runed translucent gate.
  8553 | D:10     | Found a runed translucent gate.
  8554 | D:10     | Noticed a 12-headed hydra
  8554 | D:10     | Noticed wpisznazwe's ghost (novice TrMo)
  9015 | D:11     | Found a staircase to the Orcish Mines.
  9030 | D:11     | Received a gift from Trog
  9216 | D:11     | Noticed Grum
  9226 | D:11     | Killed Grum
  9476 | D:11     | Noticed Maurice
  9486 | D:11     | Killed Maurice
  9550 | D:11     | Reached XP level 12. HP: 51/113 MP: 11/11
  9893 | D:11     | Noticed Erica
  9907 | D:11     | Killed Erica
 10297 | D:12     | Noticed Kirke
 10332 | D:12     | Slain by a harpy

Skill      XL: |  1  2  3  4  5  6  7  8  9 10 11 12 |
---------------+-------------------------------------+-----
Axes           | 4 5 6 7 9 10 11 12 13 | 13.2
Fighting       | 4 5 6 7 9 10 11 12 13 | 13.1
Armour         | 3 4 5 6 8 9 10 12 | 12.8
Dodging        | 3 4 5 6 7 8 |  8.9

Action                   |  1- 3 |  4- 6 |  7- 9 | 10-12 || total
-------------------------+-------+-------+-------+-------++-------
Melee: Hand axe          |    60 |   149 |   279 |   305 ||   793
       Headbutt          |     7 |    31 |    63 |   131 ||   232
       Battleaxe         |       |       |       |   106 ||   106
       Unarmed           |       |       |       |     1 ||     1
Invok: Berserk           |     3 |     1 |     6 |    14 ||    24
       Trog's Hand       |       |       |       |     2 ||     2
       Brothers in Arms  |       |       |       |     2 ||     2
  Use: Scroll            |       |       |       |    19 ||    19
  Eat: Ration            |     3 |       |     6 |     9 ||    18
       Chunk             |     3 |       |     4 |     1 ||     8
Armor: Animal skin       |    10 |     4 |       |       ||    14
       Chain mail        |       |    54 |   142 |   227 ||   423
Dodge: Dodged            |    49 |    71 |   183 |   225 ||   528
